Map: Beckett Industries LE

Players

JimRising

  • Race: Zerg Zerg
  • League: Grandmaster

SpeCial - Winner!

  • Race: Terran Terran
  • League: Master

Event: DreamHack SC2 Masters 2021 Summer

VOD

Have the link to the VOD?

Description

Time

  • Played on: May 21, 2021, 3:13 p.m.
  • Length: 9:45

All games in this series

Show
View Real Time Build Order
Export as new Build Order

JimRising Zerg 

Build Orders: Hatch First 

Get SALT Encoding   

  12  0:00  Drone  
  13  0:12  Overlord  
  13  0:17  Drone  
  14  0:30  Drone x2  
  16  0:48  Hatchery  
  15  0:53  Drone  
  15  0:55  Drone  
  17  0:59  Drone  
  17  1:02  Extractor  
  17  1:15  Spawning Pool  
  17  1:17  Drone  
  17  1:21  Drone  
  18  1:29  Drone  
  19  1:38  Drone  
  20  1:49  Overlord  
  20  2:02  Queen x2  
  20  2:03  Zergling x4  
  26  2:13  Roach Warren  
  26  2:15  Drone  
  26  2:20  Drone  
  27  2:23  Extractor  
  27  2:24  Drone  
  27  2:27  Drone  
  28  2:33  Overlord  
  29  2:53  Roach x4  
  29  2:55  Roach  
  39  3:06  Roach x2  
  39  3:11  Overlord  
  43  3:15  Overlord  
  43  3:18  Drone  
  43  3:27  Drone  
  43  3:30  Drone  
  43  3:31  Drone x4  
  48  3:38  Drone  
  49  3:43  Drone  
  49  3:46  Ravager x2  
  49  3:47  Drone x3  
  55  3:50  Drone x2  
  55  3:53  Drone  
  58  4:01  Drone x2  
  60  4:10  Metabolic Boost  
  60  4:15  Hatchery  
  59  4:21  Overlord  
  59  4:26  Drone  
  59  4:27  Queen, Spore Crawler  
  59  4:28  Spore Crawler  
  60  4:34  Overlord  
  60  4:39  Queen  
  60  4:40  Overlord  
  60  4:41  Zergling x6  
  60  4:42  Zergling x2  
  66  4:52  Overlord x2  
  66  4:59  Drone x4  
  71  5:00  Drone x2  
  71  5:05  Spore Crawler  
  71  5:07  Lair  
  71  5:08  Overlord  
  71  5:15  Queen  
  73  5:29  Drone x7  
  73  5:30  Drone  
  81  5:40  Overlord x3  
  81  5:43  Extractor, Drone x2  
  81  5:44  Extractor  
  81  5:49  Drone x3  
  83  5:59  Zergling x6  
  83  6:02  Drone  
  83  6:03  Drone x2, Evolution Chamber  
  83  6:04  Baneling Nest, Evolution Chamber  
  86  6:11  Drone  
  86  6:12  Zergling x2, Drone x2  
  86  6:13  Zergling x6  
  92  6:19  Overseer  
  92  6:27  Drone  
  92  6:28  Drone x3  
  92  6:29  Extractor  
  92  6:32  Overlord x2  
  95  6:34  Extractor  
  95  6:35  Extractor  
  93  6:40  Drone x3  
  93  6:41  Drone x2  
  93  6:42  Overlord x3  
  93  6:44  Hatchery  
  93  6:46  Zerg Ground Armor Level 1  
  96  6:56  Centrifical Hooks, Drone x3  
  96  6:59  Drone x2  
  96  7:00  Drone  
  102  7:01  Zergling x4  
  104  7:08  Zerg Melee Weapons Level 1  
  104  7:09  Zergling x8  
  104  7:10  Zergling x2  
  109  7:15  Zergling x2  
  109  7:16  Zergling x8  
  109  7:17  Ravager x2  
  109  7:18  Baneling x2  
  109  7:19  Baneling x4  
  116  7:23  Queen  
  116  7:28  Drone x2  
  116  7:34  Zergling x2  
  116  7:35  Zergling x8  
  116  7:36  Baneling x3  
  121  7:38  Zergling x4  
  121  7:39  Zergling x4  
  125  7:46  Drone  
  125  7:47  Zergling x2  
  125  7:49  Baneling x5, Hatchery  
  126  7:53  Zergling x4  
  128  8:03  Zergling x14  
  135  8:07  Overlord  
  135  8:10  Overlord x2  
  135  8:22  Spore Crawler  
  135  8:23  Drone  
  135  8:24  Overlord x3  
  135  8:34  Drone  
  135  8:35  Drone x8  
  135  8:40  Zergling x2  
  135  8:41  Zergling x2  
  142  8:42  Zergling x2  
  142  8:45  Hatchery  
  137  8:50  Zergling x8  
  110  9:03  Drone x6  
  110  9:04  Drone  
  105  9:10  Zergling x6  
  105  9:16  Drone x3  
  104  9:20  Zergling x6  
  104  9:24  Zergling x8  
Show
View Real Time Build Order
Export as new Build Order

SpeCial Terran - Winner!

Build Orders: Reaper Expand 

Get SALT Encoding   

  12  0:00  SCV  
  13  0:13  SCV  
  14  0:17  Supply Depot  
  14  0:25  SCV  
  15  0:38  SCV  
  15  0:40  Barracks  
  16  0:43  Refinery  
  16  0:50  SCV  
  17  1:03  SCV  
  18  1:15  SCV  
  19  1:27  Reaper, Orbital Command  
  20  1:40  Command Center  
  20  1:49  Supply Depot  
  20  1:54  SCV  
  21  1:59  Marine  
  22  2:06  SCV  
  23  2:09  Factory  
  23  2:16  Refinery  
  23  2:18  SCV  
  23  2:21  Barracks Reactor  
  24  2:31  SCV  
  24  2:43  SCV  
  25  2:53  Orbital Command  
  25  2:54  Hellion  
  25  2:55  Starport  
  25  2:58  SCV  
  28  2:59  Marine x2  
  30  3:10  SCV  
  30  3:17  Widow Mine, Marine x2  
  30  3:19  SCV  
  35  3:22  SCV  
  36  3:31  SCV, Medivac  
  40  3:34  SCV, Supply Depot  
  40  3:35  Marine x2  
  40  3:41  Supply Depot  
  42  3:43  SCV, Factory Tech Lab  
  43  3:52  Marine x2  
  43  3:54  SCV  
  46  4:00  Orbital Command  
  47  4:06  Cyclone  
  47  4:09  Starport Tech Lab  
  49  4:12  SCV  
  49  4:14  Supply Depot  
  49  4:15  Marine  
  49  4:16  Marine  
  53  4:24  SCV  
  53  4:28  Cloaking Field  
  53  4:30  Orbital Command  
  54  4:35  Marine x2, Banshee  
  54  4:36  SCV  
  59  4:43  Siege Tank  
  62  4:56  Supply Depot  
  62  4:58  SCV x2, Marine x2  
  66  5:09  Supply Depot  
  66  5:10  SCV x2  
  68  5:16  Marine x2  
  70  5:22  SCV x2, Banshee  
  75  5:34  SCV x2  
  75  5:35  Command Center  
  77  5:43  Barracks  
  77  5:46  SCV  
  77  5:49  Factory Reactor  
  78  5:51  Marine  
  78  5:52  Stimpack  
  78  5:54  SCV  
  78  5:56  Barracks  
  80  5:59  SCV  
  81  6:07  SCV, Supply Depot  
  81  6:08  Marine, Engineering Bay  
  81  6:11  SCV  
  84  6:17  Starport Reactor  
  84  6:19  SCV  
  84  6:24  SCV  
  86  6:26  Refinery  
  86  6:27  Refinery  
  86  6:28  Marine, Engineering Bay  
  86  6:31  SCV  
  88  6:35  Terran Infantry Weapons Level 1, Supply Depot, Barracks  
  88  6:36  SCV  
  88  6:38  Barracks  
  89  6:42  Siege Tank, Supply Depot, Marine  
  89  6:43  Marine  
  94  6:49  SCV, Orbital Command  
  94  6:54  Marine x3  
  96  7:00  Terran Infantry Armor Level 1, Marine x2  
  100  7:02  SCV  
  100  7:03  SCV  
  61  7:08  Medivac x2  
  102  7:09  Orbital Command  
  102  7:10  Supply Depot  
  102  7:11  Marine  
  102  7:12  Marine  
  102  7:13  Supply Depot  
  108  7:16  Marine  
  108  7:18  Marine x2  
  108  7:21  SCV  
  112  7:23  Siege Tank  
  112  7:27  Barracks Reactor  
  112  7:28  Barracks Reactor  
  115  7:31  SCV, Supply Depot  
  115  7:32  Marine x2  
  115  7:33  SCV  
  115  7:34  Marine  
  115  7:36  Marine, Combat Shield  
  121  7:41  SCV  
  122  7:44  SCV  
  122  7:46  Supply Depot x2  
  122  7:48  SCV, Supply Depot  
  122  7:49  Marine, Supply Depot  
  122  7:50  Marine x2  
  127  7:52  Marine  
  127  7:55  Siege Tank  
  127  7:57  Marine  
  132  8:01  Medivac  
  134  8:05  Medivac  
  134  8:06  Marine x4  
  134  8:07  Marine  
  134  8:08  Marine  
  134  8:10  SCV  
  134  8:11  SCV x2  
  145  8:19  Armory  
  145  8:21  Marine  
  145  8:25  Marine x4  
  145  8:26  Marine x3  
  153  8:29  Marine  
  153  8:30  Refinery  
  153  8:32  Supply Depot x2  
  154  8:35  Siege Tank  
  154  8:39  Marine  
  154  8:40  Medivac  
  160  8:43  Marine x4  
  160  8:44  Marine  
  162  8:53  Marine x3  
  161  8:57  Marine  
  161  9:01  Marine x4  
  161  9:02  Marine  
  150  9:06  Medivac  
  138  9:10  Marine, Medivac  
  138  9:11  Marine x2  
  138  9:15  Marine  
  138  9:16  Supply Depot  
  144  9:18  Marine, Supply Depot  
  144  9:19  Marine x4  
  148  9:35  Command Center  
Tags
 
Add a new tag
Caveats
  • Supply blocks, unpowered buildings, or Contaminate may cause inaccurate times.
  • Supply counts are checked every 10 seconds.